 Dungeon Crawl Stone Soup version 0.31-a0-233-g139696dc86 (webtiles) character file.

Game seed: 9192729300785000888

8477 Iniera the Carver (level 11, -1/67 HPs)
             Began as a Tengu Gladiator on July 8, 2023.
             Was a Believer of Dithmenos.
             Slain by an orc warrior
             ... wielding a +0 scimitar
             ... led by an orc knight
              (16 damage)
             ... on level 1 of the Orcish Mines.
             The game lasted 00:11:24 (10739 turns).

Iniera the Carver (Tengu Gladiator)                Turns: 10739, Time: 00:11:24

Health: -1/67      AC: 11    Str: 14    XL:     11   Next: 31%
Magic:  0/14       EV: 23    Int:  8    God:    Dithmenos [**....]
Gold:   553        SH:  0    Dex: 21    Spells: 10/10 levels left

rFire   . . .        b - +0 double sword (pain)
rCold   . . .        (no shield)
rNeg    + . .        u - +0 steam dragon scales
rPois   .            c - +2 hat
rElec   .            t - +2 cloak
rCorr   +            E - +0 pair of gloves
SInv    .            (boots unavailable)
Will    .....        i - amulet of guardian spirit
Stlth   +++++        f - ring of resist corrosion
HPRegen 0.31/turn    y - ring of positive energy
MPRegen 0.14/turn

%: guardian spirit
@: mighty, flying quickly and evasively, wreathed by umbra, quick
A: beak, talons 3, nimble flight
a: Renounce Religion, Shadow Step


You were on level 1 of the Orcish Mines.
You worshipped Dithmenos.
Dithmenos was pleased with you.
You visited 3 branches of the dungeon, and saw 13 of its levels.

You collected 763 gold pieces.
You spent 210 gold pieces at shops.

Inventory:

Hand Weapons
 a - a +0 long sword of electrocution
 b - a +0 double sword of pain (weapon)
 p - a +4 short sword of venom
Missiles
 d - 5 throwing nets (quivered)
 e - a javelin
Armour
 c - a +2 hat (worn)
 t - a +2 cloak (worn)
 u - +0 steam dragon scales (worn)
 E - a +0 pair of gloves (worn)
Jewellery
 f - a ring of resist corrosion (left hand)
 i - an amulet of guardian spirit (around neck)
 v - an amulet of faith
 y - a ring of positive energy (right hand)
Wands
 m - a wand of quicksilver (9)
 w - a wand of iceblast (7)
 B - a wand of polymorph (5)
 D - a wand of flame (6)
 H - a wand of digging (4)
Scrolls
 g - 2 scrolls of poison
 j - a scroll of immolation
 l - 9 scrolls of teleportation
 r - a scroll of fog
 s - 2 scrolls of revelation
 x - a scroll of amnesia
 F - 4 scrolls of fear
 G - a scroll of vulnerability
Potions
 h - 3 potions of curing
 k - a potion of might
 n - 3 potions of heal wounds
 q - 2 potions of mutation
 z - 3 potions of attraction
 A - a potion of cancellation


   Skills:
 + Level 7.5 Fighting
 * Level 11.5 Long Blades
 - Level 2.0 Throwing
 + Level 10.0 Dodging
 + Level 7.7 Stealth
 + Level 1.4 Shields
 + Level 3.4 Invocations


You had 10 spell levels left.
You didn't know any spells.
Your spell library contained the following spells:

 Spells                   Type           Power      Damage    Failure   Level
 Blink                    Tloc           0%         N/A       54%         2
 Cigotuvi's Dreadful Rot  Necr/Pois/Air  0%         N/A       54%         2
 Portal Projectile        Hex/Tloc       0%         N/A       78%         3
 Tukima's Dance           Hex            0%         N/A       78%         3
 Dispel Undead            Necr           0%         3d6       99%         4
 Manifold Assault         Tloc           0%         N/A       99%         4
 Passage of Golubria      Tloc           0%         N/A       99%         4
 Blade Hands              Tmut           0%         N/A       100%        5
 Yara's Violent Unravell  Hex/Tmut       0%         3d3       100%        5
 Death Channel            Necr           0%         N/A       100%        6
 Simulacrum               Ice/Necr       0%         N/A       100%        6
 Ozocubu's Refrigeration  Ice            0%         4d7       100%        7
 Storm Form               Tmut/Air       0%         N/A       100%        7
 Polar Vortex             Ice            0%         N/A       100%        9


Dungeon Overview and Level Annotations

Branches:
Dungeon (10/15)            Temple (1/1) D:7            Lair (0/5) D:8
    Orc (2/2) D:9
    Elf: Orc:2

Altars:
Ashenzari
Cheibriados
Dithmenos
Elyvilon
Fedhas
Gozag
Hepliaklqana
Kikubaaqudgha
Makhleb
Nemelex Xobeh
Okawaru
Qazlal
Ru
Sif Muna
Trog
Uskayaw
Vehumet
Wu Jian
Xom
Yredelemnul
Zin
The Shining One

Shops:
D:1 !   D:5 ?

Annotations:
D:4 2 transporters, knightboat's ghost, novice FoVM


Innate Abilities, Weirdness & Mutations

You have a beak for a mouth.
You have claws for feet.
Your magical nature lets you fly swiftly and evasively.


Message History

Dithmenos accepts your kill. The orc priest completely misses you.
The orc warrior barely misses you.
You slash the orc warrior! Your kick misses the orc warrior.
The orc warrior is moderately wounded.
The orc priest hits you with a +0 club.
The orc warrior hits you with a +1 flail of protection!!
You slash the orc warrior! You claw the orc warrior.
You kill the orc warrior!
Dithmenos accepts your kill.
You slash the orc priest! You claw the orc priest!
You kill the orc priest!
Dithmenos accepts your kill.
Found a shimmering altar of Xom.
The orc warrior throws a boomerang.
The boomerang completely misses you.
Things that are here:
a +1 flail of protection; a +0 plate armour You closely miss the orc knight.
Your peck misses the orc knight.
The orc knight hits you with a +1 long sword of electrocution!
You hit the orc knight. Your kick misses the orc knight.
You peck the orc knight, but do no damage.
The orc knight is lightly wounded.
The orc knight misses you. The orc warrior misses you.
You slice the orc knight!! Your kick misses the orc knight.
You peck the orc knight.
The orc knight is heavily wounded.
The orc knight hits you with a +1 long sword of electrocution!
You hit the orc knight. Your kick misses the orc knight.
The orc knight is heavily wounded.
The orc warrior barely misses you.
The orc knight hits you with a +1 long sword of electrocution.
You are electrocuted!!
* * * LOW HITPOINT WARNING * * *
The orc warrior hits you with a +0 scimitar.
* * * LOW HITPOINT WARNING * * *
The orc misses you.
Okay, then.
Okay, then.
The orc warrior misses you.
The orc warrior hits you with a +0 scimitar!!
You die...

........#
.........
........#
.....$..#####
#..[)....#
#....>)..#
##..))).###
#.........#
#.)@.....##
##ooo.....#
#...o.....#
......#.##.##
#..........###
#.......#.##
##.........
#....... #
......_.


You could see an orc knight, 2 orc warriors and an orc (strong).

Vanquished Creatures
  A two-headed ogre (Orc:1)
  An orc sorcerer (Orc:2)
  Maurice (D:8)
  Maggie (D:6)
  A troll (D:9)
  Prince Ribbit (D:7)
  A wraith (D:9)
  Sigmund (D:6)
  A wyvern (D:9)
  A steam dragon (D:8)
  3 wargs (D:9)
  Edmund (D:6)
  3 water moccasins
  Duvessa (D:5)
  11 orc warriors
  An ice beast (D:5)
  3 black bears
  A sky beast (D:8)
  7 ogres
  2 centaurs
  2 kobold brigands (D:7)
  4 bullfrogs
  6 scorpions
  6 wights
  Dowan (D:5)
  6 killer bees
  3 howler monkeys (D:8)
  10 hounds
  6 orc priests
  4 gnoll boudas
  A sleepcap (D:7)
  2 iguanas
  10 orc wizards
  Terence (D:2)
  24 gnolls
  6 adders
  A white imp (D:6)
  6 dart slugs
  30 orcs
  8 ball pythons
  7 endoplasms
  4 giant cockroaches
  3 goblins
  5 hobgoblins
  21 jackals
  4 quokkas
  4 bats
  3 frilled lizards
  16 kobolds
  5 rats
252 creatures vanquished.

Notes
Turn   | Place    | Note
-------+----------+-------------------------------------------
     0 | D:1      | Iniera the Tengu Gladiator began the quest for the Orb.
     0 | D:1      | Reached XP level 1. HP: 12/12 MP: 2/2
    11 | D:1      | Found Ezigan's Distillery.
   101 | D:1      | Reached XP level 2. HP: 17/17 MP: 3/3
   205 | D:1      | Reached skill level 1 in Stealth
   320 | D:1      | Reached XP level 3. HP: 21/21 MP: 4/4
   671 | D:1      | Reached skill level 4 in Long Blades
  1026 | D:2      | Reached XP level 4. HP: 9/27 MP: 5/5
  1400 | D:2      | Noticed Terence
  1409 | D:2      | Killed Terence
  1727 | D:3      | Noticed an ogre
  1733 | D:3      | Killed an ogre
  1734 | D:3      | Gained mutation: Your magical nature lets you fly swiftly
                  | and evasively. [Tengu growth]
  1734 | D:3      | Reached XP level 5. HP: 32/32 MP: 6/6
  1748 | D:3      | Reached skill level 5 in Long Blades
  1817 | D:3      | Reached XP level 6. HP: 35/37 MP: 5/7
  1961 | D:3      | Identified the +4 leather armour "Zudeiv" {rElec Stlth+}
  2354 | D:4      | Found a transporter.
  2428 | D:4      | Reached skill level 5 in Dodging
  2437 | D:4      | Reached skill level 1 in Invocations
  2437 | D:4      | Reached XP level 7. HP: 39/41 MP: 8/8
  2664 | D:4      | Found a transporter.
  2667 | D:4      | Noticed knightboat's ghost (novice FoVM)
  2797 | D:4      | Found a burning altar of Makhleb.
  2934 | D:5      | Entered Level 5 of the Dungeon
  3311 | D:5      | Reached skill level 6 in Long Blades
  3433 | D:5      | Noticed Dowan
  3435 | D:5      | Noticed Duvessa
  3449 | D:5      | Killed Duvessa
  3450 | D:5      | Reached XP level 8. HP: 23/48 MP: 6/9
  3543 | D:5      | Killed Dowan
  3767 | D:5      | Found Gygucaryj's Magic Scroll Shop.
  3774 | D:5      | Bought a scroll of teleportation for 45 gold pieces
  3774 | D:5      | Bought a scroll of teleportation for 45 gold pieces
  3774 | D:5      | Bought a scroll of identify for 30 gold pieces
  3775 | D:5      | Bought a scroll of identify for 30 gold pieces
  3775 | D:5      | Bought a scroll of fog for 60 gold pieces
  3870 | D:5      | Reached skill level 7 in Long Blades
  4232 | D:5      | Found a broken altar of Ashenzari.
  4739 | D:6      | Noticed Maggie
  4752 | D:6      | Killed Maggie
  4753 | D:6      | Reached skill level 5 in Fighting
  4753 | D:6      | Reached XP level 9. HP: 54/54 MP: 10/10
  4945 | D:6      | Reached skill level 5 in Stealth
  5008 | D:6      | Reached skill level 8 in Long Blades
  5163 | D:6      | Noticed Edmund
  5173 | D:6      | Killed Edmund
  5293 | D:6      | Noticed Sigmund
  5300 | D:6      | Killed Sigmund
  6012 | D:7      | Identified a scroll of acquirement
  6012 | D:7      | Acquired a +0 double sword of pain
  6070 | D:7      | Found a staircase to the Ecumenical Temple.
  6072 | D:7      | Noticed Prince Ribbit
  6105 | D:7      | Killed Prince Ribbit
  6108 | Temple   | Entered the Ecumenical Temple
  6529 | Temple   | Became a worshipper of Dithmenos the Shadowed
  6592 | D:7      | Reached skill level 9 in Long Blades
  7020 | D:7      | Reached XP level 10. HP: 60/60 MP: 11/11
  7140 | D:8      | Reached * piety under Dithmenos
  7383 | D:8      | Found a staircase to the Lair.
  7447 | D:8      | Noticed Maurice
  7460 | D:8      | Killed Maurice
  7461 | D:8      | Reached skill level 10 in Long Blades
  8792 | D:9      | Found a staircase to the Orcish Mines.
  8993 | D:9      | Reached ** piety under Dithmenos
  9820 | D:9      | Reached skill level 11 in Long Blades
 10063 | D:9      | Reached XP level 11. HP: 62/67 MP: 14/14
 10292 | D:10     | Entered Level 10 of the Dungeon
 10321 | Orc:1    | Entered Level 1 of the Orcish Mines
 10326 | Orc:1    | Noticed a two-headed ogre
 10508 | Orc:2    | Entered Level 2 of the Orcish Mines
 10643 | Orc:1    | Noticed an orc sorcerer
 10655 | Orc:2    | Killed an orc sorcerer
 10718 | Orc:1    | Killed a two-headed ogre
 10719 | Orc:1    | Reached skill level 10 in Dodging
 10719 | Orc:1    | Reached skill level 1 in Shields
 10727 | Orc:1    | Noticed an orc knight
 10734 | Orc:1    | Found a shimmering altar of Xom.
 10739 | Orc:1    | Slain by an orc warrior

Illustrated notes

Levels and vault maps discovered:
D:1:      amcnicky_arrival_choice, layout_loops_cross, serial_shops, shop,
          chequers_decorated_corner, st_stairs_3, nicolae_grassy_gnolls
D:2:      layout_basic, uniq_terence
D:3:      layout_rooms, minmay_misc_feat_room, saegor_snake_ambush
D:4:      layout_rooms, makhleb_blood_cavern_becter, gammafunk_ghost_arena,
          serial_rivers, chequers_serial_rivers_small_3,
          chequers_serial_rivers_small_b, chequers_serial_rivers_large_a,
          chequers_serial_rivers_small_3
D:5:      layout_loops_corners, kennysheep_little_box, serial_shops, shop,
          minmay_misc_feat_tiny, uniq_duvessa
D:6:      layout_layer_cave, roderic_lattice_a, uniq_maggie, uniq_sigmund,
          uniq_edmund
D:7:      layout_loops_ring, minmay_temple_entry_junction_2, grunt_ministairs_1,
          uniq_prince_ribbit1
D:8:      layout_layer_cave, grunt_lair_entry_orc_guard_hut, uniq_erica,
          uniq_maurice
D:9:      layout_layer_cave, david_orc_1_choice
D:10:     nicolae_BIG_FREAKIN_CUBE, layout_cave_pools, trove_entry_hex_spiral,
          serial_co_window_serial, co_window_of_opportunity_a,
          co_window_of_opportunity_a, co_window_paths_a, co_window_cross_1,
          co_window_of_opportunity_a, co_window_of_opportunity_c,
          co_window_broadway_b, co_window_corner_ca, co_window_paths_c,
          glass_columns_a, glass_columns_b, glass_columns_b, glass_columns_b,
          amcnicky_mini_corridor_feature
Temple:   mainiacjoe_temple_cubbyholes
Orc:1:    layout_diamond_mine, basic_altar
Orc:2:    grunt_orc_cross, layout_diamond_mine

Skill      XL: |  1  2  3  4  5  6  7  8  9 10 11 |
---------------+----------------------------------+-----
Stealth        | 1 2 3 4 6 7 |  7.7
Long Blades    | 4 5 6 7 9 11 | 11.5
Fighting       | 3 4 5 6 7 |  7.5
Dodging        | 4 5 6 7 8 9 10 | 10.0
Invocations    | 1 2 3 |  3.4
Shields        | 1 |  1.4
Throwing       | |  2.0

Action                     |  1- 3 |  4- 6 |  7- 9 | 10-12 || total
---------------------------+-------+-------+-------+-------++-------
  Melee: Long sword        |    71 |    10 |   136 |   207 ||   424
         Peck              |    11 |    13 |    47 |    50 ||   121
         Kick              |    13 |    28 |    85 |    76 ||   202
         Punch             |     1 |     1 |     3 |     4 ||     9
         Short sword       |       |    83 |   118 |       ||   201
         Unarmed           |       |       |       |     7 ||     7
         Double sword      |       |       |       |    55 ||    55
  Evoke: Wand              |       |       |       |     2 ||     2
    Use: Scroll            |       |    10 |    11 |     2 ||    23
         Potion            |       |       |       |     2 ||     2
   Stab: Sleeping          |     5 |     7 |    10 |     7 ||    29
         Distracted        |       |       |     1 |       ||     1
         Confused          |       |       |       |     1 ||     1
         Invisible         |       |       |       |     3 ||     3
 Armour: Leather armour    |    27 |    12 |    16 |       ||    55
         Steam dragon scal |       |       |    31 |    41 ||    72
         Skin              |       |       |       |     1 ||     1
  Dodge: Dodged            |    55 |    61 |   209 |   388 ||   713

Table legend: (Time is in decaauts)
 A = Elapsed time spent in this place.
 B = Non-inter-level travel time spent in this place.
 C = Inter-level travel time spent in this place.
 D = Time resting spent in this place.
 E = Time spent auto-exploring this place.
 F = Levels seen in this place.
 G = Mean time per level.
                   A        B        C        D        E       F      G
               +--------+--------+--------+--------+--------+-----+--------+
         Total |  10062 |   9740 |    322 |    724 |   7383 |  13 |  774.0 |
       Dungeon |   9318 |   9073 |    245 |    654 |   6885 |  10 |  931.8 |
        Temple |    425 |    366 |     59 |     27 |    334 |   1 |  425.0 |
  Orcish Mines |    319 |    302 |     17 |     43 |    163 |   2 |  159.5 |
               +--------+--------+--------+--------+--------+-----+--------+

Top non-repeatable levels by time:
     D:9: 1708 daAuts
     D:5: 1351 daAuts
     D:8: 1341 daAuts
     D:6: 1232 daAuts
     D:1: 885 daAuts
     D:2: 841 daAuts
     D:4: 748 daAuts
     D:7: 603 daAuts
     D:3: 602 daAuts
  Temple: 425 daAuts
   Orc:2: 178 daAuts
   Orc:1: 141 daAuts
    D:10: 2 daAuts
